 Dungeon Crawl Stone Soup version 0.28.0-53-g5a82cb258f (webtiles) character file.

Game seed: 9176823785614852133

24 DemonSlayer the Firebug (level 2, 0/19 HPs)
             Began as a Demonspawn Fire Elementalist on July 22, 2022.
             Slain by a gnoll
             ... wielding a +0 whip
              (1 damage)
             ... on level 2 of the Dungeon.
             The game lasted 00:01:30 (1544 turns).

DemonSlayer the Firebug (DsFE)                      Turns: 1544, Time: 00:01:31

Health: 0/19       AC:  3    Str:  8    XL:     2   Next: 79%
Magic:  3/5        EV: 12    Int: 16    God:
Gold:   73         SH:  0    Dex: 13    Spells: 2/5 levels left

rFire   . . .      SeeInvis .   b - +0 spear
rCold   . . .      Faith    .   (no shield)
rNeg    . . .      Spirit   .   a - +1 robe
rPois   .          Reflect  .   (no helmet)
rElec   .          Harm     .   (no cloak)
rCorr   .          Rampage  .   (no gloves)
Will    .....                   (no boots)
Stlth   ++........              (no amulet)
HPRegen 0.06/turn               (no ring)
MPRegen 0.09/turn               (no ring)

@: no status effects
A: foul stench 1
a: no special abilities


You were on level 2 of the Dungeon.
You visited 1 branch of the dungeon, and saw 2 of its levels.

You collected 73 gold pieces.

Inventory:

Hand Weapons
 b - a +0 spear (weapon)
Armour
 a - a +1 robe (worn)
Potions
 d - a potion of berserk rage
 e - a potion of curing {unknown}


   Skills:
 + Level 0.3 Fighting
 + Level 0.4 Polearms
 + Level 2.0 Dodging
 + Level 1.8 Stealth
 + Level 2.2 Spellcasting
 + Level 1.3 Conjurations
 + Level 3.0 Fire Magic


You had 2 spell levels left.
You knew the following spells:

 Your Spells              Type           Power      Damage    Failure   Level
a - Foxfire               Conj/Fire      32%        2x1d5     9%          1
b - Scorch                Fire           22%        2d6       9%          2

Your spell library contained the following spells:

 Spells                   Type           Power      Damage    Failure   Level
 Conjure Flame            Conj/Fire      8%         6-21      24%         3
 Inner Flame              Hex/Fire       6%         N/A       32%         3
 Flame Wave               Conj/Fire      8%         2d5       63%         4
 Cause Fear               Hex            0%         N/A       90%         4
 Discord                  Hex            0%         N/A       100%        8


Dungeon Overview and Level Annotations

Branches:
Dungeon (2/15)

Altars:


Innate Abilities, Weirdness & Mutations

You may rarely emit foul miasma when damaged in melee.


Message History

You climb downwards.
There is a stone staircase leading up here.
Found a robe.
Found a ring mail.
A gnoll comes into view. It is wielding a +0 whip.
You see here a +0 ring mail.
A gnoll is nearby!
A gnoll is nearby!
A gnoll is nearby!
A gnoll is nearby!
You conjure some foxfire!
The gnoll shouts!
You hear a shout!
Your foxfire dissipates!
A gnoll comes into view. It is wielding a +0 flail.
You conjure some foxfire!
The foxfire hits the gnoll but does no damage.
You hit the gnoll but do no damage.
There is not enough space to conjure foxfire!
There is not enough space to conjure foxfire!
There is not enough space to conjure foxfire!
There is not enough space to conjure foxfire!
You hit the gnoll.
The gnoll is moderately wounded.
The gnoll hits you with a +0 whip.
You barely miss the gnoll.
The gnoll is moderately wounded.
The gnoll hits you with a +0 whip.
You hit the gnoll.
The gnoll is heavily wounded.
The gnoll hits you with a +0 whip. The gnoll hits you with a +0 whip!
* * * LOW HITPOINT WARNING * * *
You are too injured to fight recklessly!
You are too injured to fight recklessly!
You hit the gnoll.
The gnoll is severely wounded.
The gnoll barely misses you.
You hit the gnoll.
The gnoll is almost dead.
The gnoll hits you with a +0 whip.
You die...

.. .. .# ##. #..
..# .# #g# .. #.#
#g# .[ #.# #@#
.###.###.#
..#.##.[#
#.#.##.## #.#.##.#
####...#..##
#.#####..........#
#................#
#######..........#


You could see 2 gnolls.

Vanquished Creatures
  A gnoll (D:1)
  3 bats (D:1)
  2 endoplasms (D:1)
  A goblin (D:1)
  3 ball pythons (D:1)
  A frilled lizard (D:1)
  4 kobolds (D:1)
15 creatures vanquished.

Vanquished Creatures (others)
  34 foxfires (D:1)
34 creatures vanquished.

Grand Total: 49 creatures vanquished

Notes
Turn   | Place    | Note
-------+----------+-------------------------------------------
     0 | D:1      | DemonSlayer the Demonspawn Fire Elementalist began the
                  | quest for the Orb.
     0 | D:1      | Reached XP level 1. HP: 13/13 MP: 3/3
    16 | D:1      | Noticed an eye of devastation
   223 | D:1      | Gained mutation: You may rarely emit foul miasma when
                  | damaged in melee. [demonic ancestry]
   223 | D:1      | Reached XP level 2. HP: 2/19 MP: 1/5
   226 | D:1      | Learned a level 2 spell: Scorch
   568 | D:1      | Found a faded altar of an unknown god.
   569 | D:1      | Noticed a golden eye
   577 | D:1      | Noticed an eye of devastation
   581 | D:1      | Noticed a floating eye
   757 | D:1      | Reached skill level 3 in Fire Magic
  1544 | D:2      | Slain by a gnoll

Illustrated notes

Levels and vault maps discovered:
D:1:      mrwooster_arrival_statue_2, layout_basic,
          hellmonk_ecumenical_altar_watching_god, kennysheep_crisscross,
          minmay_nonomino_d4
D:2:      layout_rooms, basic_altar

Skill      XL: |  1  2 |
---------------+-------+-----
Dodging        | 2 |  2.0
Fire Magic     | 3 |  3.0
Fighting       | |  0.3
Polearms       | |  0.4
Stealth        | |  1.8
Spellcasting   | |  2.2
Conjurations   | |  1.3

Action                   || total
-------------------------++-------
Melee: Spear             ||    32
 Cast: Foxfire           ||    28
  Use: Scroll            ||     2
 Stab: Sleeping          ||     2
Armor: Robe              ||    11
Dodge: Dodged            ||    22
